 Dungeon Crawl Stone Soup version 0.27-a0-1557-g57f10a385c (webtiles) character file.

Game seed: 3627587078098115761

66 Sin92 the Skirmisher (level 3, -6/43 HPs)
             Began as a Demonspawn Fighter on July 15, 2021.
             Mangled by a gnoll (7 damage)
             ... on level 2 of the Dungeon.
             The game lasted 00:03:08 (1520 turns).

Sin92 the Skirmisher (Demonspawn Fighter)           Turns: 1520, Time: 00:03:09

Health: -6/43      AC: 21    Str: 17    XL:     3   Next: 96%
Magic:  3/3        EV:  2    Int:  9    God:
Gold:   152        SH:  9    Dex: 14    Spells: 2/2 levels left

rFire    . . .     SeeInvis .   a - +0 flail
rCold    . . .     Faith    .   c - +0 kite shield
rNeg     + + +     Spirit   .   (armour currently unavailable)
rPois    +         Reflect  .   (helmet currently unavailable)
rElec    .         Harm     .   (cloak currently unavailable)
rCorr    .         Rampage  .   (gloves currently unavailable)
Will     .....     NoTele   +   (boots currently unavailable)
Stlth    ++........             (no amulet)
HPRegen  0.14/turn              (no ring)
MPRegen  0.08/turn              (no ring)

@: tree-form, on berserk cooldown, very slightly contaminated, slowed,
invisible, very slow
A: stationary, stasis, torment immunity, boosted hp, thin skeletal structure 1,
powered by pain 1
a: no special abilities


You were on level 2 of the Dungeon.
You were a tree.
You visited 1 branch of the dungeon, and saw 2 of its levels.

You collected 152 gold pieces.

Inventory:

Hand Weapons
 a - a +0 flail (weapon)
Armour
 b - a +0 scale mail (melded)
 c - a +0 kite shield (worn)
Scrolls
 f - a scroll of identify
Potions
 d - 2 potions of might
 e - a potion of berserk rage


   Skills:
 + Level 3.4 Fighting
 + Level 2.3 Maces & Flails
 + Level 3.1 Armour
 + Level 1.2 Dodging
 + Level 3.1 Shields


You had 2 spell levels left.
You didn't know any spells.
Your spell library contained the following spells:

 Spells                   Type           Power      Damage    Failure   Level
 Magic Dart               Conj           0%         1d3       88%         1
 Call Imp                 Summ           0%         N/A       96%         2
 Mephitic Cloud           Conj/Pois/Air  0%         N/A       99%         3


Dungeon Overview and Level Annotations

Branches:
Dungeon (2/15)

Altars:

Shops:
D:2 (


Innate Abilities, Weirdness & Mutations

You are a tree.
Your roots penetrate the ground, keeping you stationary.
You cannot be teleported.
You are immune to unholy pain and torment.
Your maximum health is greatly increased.
Your equipment is partially melded.
You have a somewhat thin skeletal structure. (Dex +2, Stealth+)
You sometimes gain a little power by taking damage.


Message History

It was a potion of lignification.
You turn into a tree.
Your +0 scale mail melds into your body.
Your roots penetrate the ground.
You block the gnoll's attack. The gnoll hits you but does no damage.
It was a potion of invisibility.
You fade into invisibility!
The gnoll hits you but does no damage. x2
You are very lightly contaminated with residual magic.
A red film seems to cover your vision as you go berserk!
You feel yourself moving faster!
You feel mighty!
The gnoll throws a throwing net.
The throwing net barely misses the gnoll.
The throwing net hits you.
You become entangled in the net!
The gnoll hits you with a +0 flail.
* * * LOW HITPOINT WARNING * * *
You struggle against the net.
You feel a strong urge to attack something.
You struggle against the net.
The gnoll barely misses you. The gnoll hits you but does no damage.
You shred the net and break free!
You feel your anger nearly subside. The gnoll hits you but does no damage.
You block the gnoll's attack.
You thump the gnoll!
You kill the gnoll!
You are no longer berserk.
You are exhausted.
You feel yourself slow down.
You hit the gnoll but do no damage.
The gnoll hits you but does no damage. x2
You hit the gnoll.
The gnoll is lightly wounded.
The gnoll hits you with a +0 spear.
* * * LOW HITPOINT WARNING * * *
You block the gnoll's attack. x2
You hit the gnoll but do no damage.
The gnoll is lightly wounded.
The gnoll hits you but does no damage. x2
You completely miss the gnoll.
The gnoll is lightly wounded.
The gnoll hits you with a +0 spear!
You die...

#.##....##.....#
#.##.#.###.....#
#.##.#.# #.....#
#......# ######
####.### #.# #.#
#.############
#.....♣gg.....
#############.


You could see 2 gnolls.

Vanquished Creatures
  2 gnolls
  3 bats (D:1)
  3 endoplasms
  3 giant cockroaches
  3 goblins
  2 hobgoblins (D:1)
  10 jackals (D:1)
  6 kobolds
  2 quokkas
  4 ball pythons (D:1)
  3 rats (D:1)
41 creatures vanquished.

Notes
Turn   | Place    | Note
-------+----------+-------------------------------------------
     0 | D:1      | Sin92 the Demonspawn Fighter began the quest for the Orb.
     0 | D:1      | Reached XP level 1. HP: 18/18 MP: 1/1
   102 | D:1      | Gained mutation: You have a somewhat thin skeletal
                  | structure. (Dex +2, Stealth+) [demonic ancestry]
   102 | D:1      | Reached XP level 2. HP: 10/24 MP: 2/2
   491 | D:1      | Gained mutation: You sometimes gain a little power by
                  | taking damage. [demonic ancestry]
   491 | D:1      | Reached XP level 3. HP: 19/29 MP: 3/3
   675 | D:1      | Reached skill level 1 in Dodging
   743 | D:1      | Found a faded altar of an unknown god.
  1354 | D:2      | Found Aross's Antique Weapon Shop.
  1509 | D:2      | HP: 1/29 [gnoll (7)]
  1518 | D:2      | HP: 1/43 [gnoll (1)]
  1520 | D:2      | Mangled by a gnoll

Illustrated notes

Levels and vault maps discovered:
D:1:      lightli_arrival_chessboard, layout_basic, basic_ecumenical_altar,
          grunt_decor_junction, glass_columns_c, minmay_octomino_c4
D:2:      minmay_thinvault, layout_loops_cross, serial_shops,
          nicolae_square_shop

Skill      XL: |  1  2  3 |
---------------+----------+-----
Maces & Flails | 2 |  2.3
Shields        | 3 |  3.1
Armour         | 3 |  3.1
Dodging        | 1 |  1.2
Fighting       | |  3.4

Action                   || total
-------------------------++-------
Melee: Flail             ||   129
  Use: Potion            ||     3
       Scroll            ||     2
Armor: Scale mail        ||    74
       Skin              ||     9
Dodge: Dodged            ||    38
Block: Kite shield       ||    99

Table legend: (Time is in decaauts)
 A = Elapsed time spent in this place.
 B = Non-inter-level travel time spent in this place.
 C = Inter-level travel time spent in this place.
 D = Time resting spent in this place.
 E = Time spent auto-exploring this place.
 F = Levels seen in this place.
 G = Mean time per level.
                   A        B        C        D        E       F      G
               +--------+--------+--------+--------+--------+-----+--------+
         Total |   1589 |   1574 |     15 |    163 |    986 |   2 |  794.5 |
       Dungeon |   1589 |   1574 |     15 |    163 |    986 |   2 |  794.5 |
               +--------+--------+--------+--------+--------+-----+--------+

Top non-repeatable levels by time:
     D:1: 1214 daAuts
     D:2: 375 daAuts
